 Dungeon Crawl Stone Soup version 0.23-a0-650-ga4d50d4d25 (webtiles) character file.

1040 K1ngMX the Chopper (level 8, -2/52 HPs)
             Began as a Gargoyle Fighter on Jan 4, 2019.
             Slain by an ogre
             ... wielding a +0 giant club
              (18 damage)
             ... on level 5 of the Dungeon.
             The game lasted 00:24:08 (3976 turns).

K1ngMX the Chopper (Gargoyle Fighter)               Turns: 3976, Time: 00:24:09

Health: -2/52      AC: 16    Str: 21    XL:     8   Next: 24%
Magic:  8/8        EV:  7    Int: 10    God:
Gold:   234        SH:  9    Dex:  9    Spells: 7/7 levels left

rFire    . . .     SeeInvis .   a - +0 war axe
rCold    . . .     Gourm    .   c - +0 shield
rNeg     + . .     Faith    .   b - +0 scale mail
rPois    ∞         Spirit   .   j - +2 hat
rElec    +         Reflect  .   x - +0 cloak
rCorr    .         Harm     .   y - +0 pair of gloves
MR       .....                  (no boots)
Stlth    ..........             (no amulet)
HPRegen  0.17/turn              (no ring)
MPRegen  0.11/turn              (no ring)

@: hasted, very quick
A: negative energy resistance 1, electricity resistance, unbreathing,
petrification resistance, rot immunity, AC +5
a: no special abilities


You were on level 5 of the Dungeon.
You were not hungry.

You visited 1 branch of the dungeon, and saw 6 of its levels.

You collected 234 gold pieces.

Inventory:

Hand Weapons
 a - a +0 war axe (weapon)
 E - a +1 mace of protection
Missiles
 h - 68 poisoned needles
 i - a throwing net (quivered)
Armour
 b - a +0 scale mail (worn)
 c - a +0 shield (worn)
 j - a +2 hat (worn)
 x - a +0 cloak (worn)
 y - a +0 pair of gloves (worn)
Jewellery
 o - a cursed ring of attention {unknown}
 q - an uncursed amulet of faith
Wands
 z - a wand of polymorph (4)
Scrolls
 g - a scroll of teleportation {unknown}
 m - a scroll of immolation
 p - 8 scrolls of identify {unknown}
 s - a scroll of magic mapping {unknown}
 t - a scroll of random uselessness {unknown}
 u - a scroll of fog {unknown}
 w - 2 scrolls of fear {unknown}
 A - a scroll of amnesia {unknown}
 B - 2 scrolls of remove curse {unknown}
 G - a scroll of enchant armour {unknown}
Potions
 d - 2 potions of might
 e - 5 potions of curing {unknown}
 k - a potion of lignification {unknown}
 n - 4 potions of flight {unknown}
 r - 2 potions of cancellation {unknown}
 v - a potion of heal wounds {unknown}
 D - a potion of berserk rage {unknown}
 F - a potion of ambrosia {unknown}
Comestibles
 f - 5 rations
 C - 5 chunks of flesh


   Skills:
 + Level 6.6 Fighting
 * Level 7.1 Axes
 - Level 3.2 Armour
 + Level 3.6 Shields


You had 7 spell levels left.
You didn't know any spells.
Your spell library was empty.

Dungeon Overview and Level Annotations

Branches:
Dungeon (6/15)
 Temple: D:4-7

Altars:

Shops:
D:4 }   D:6 %

Annotations:
D:3 1 runed door, Shaidar's ghost, amateur MiBe
D:4 1 runed door, guttsta's ghost, amateur HOFi


Innate Abilities, Weirdness & Mutations

You are resistant to torment.
Your stone body is resilient. (AC +5)
You are immune to poison.
You resist negative energy. (rN+)
You are resistant to electric shocks. (rElec)
You can survive without breathing.
You are immune to petrification.
You are immune to rotting.


Message History

You hit the ogre. The ogre hits you but does no damage.
The ogre hits you with a +0 giant club.
You hit the ogre.
The ogre is moderately wounded.
You closely miss the ogre. The ogre barely misses you.
The ogre hits you but does no damage.
You feel yourself speed up. The ogre hits you with a +0 giant club!
You hit the ogre but do no damage.
The ogre is moderately wounded.
You closely miss the ogre. The ogre hits you with a +0 giant club!
* * * LOW HITPOINT WARNING * * *
The ogre barely misses you.
You slash the ogre!
The ogre is almost dead.
You slash the ogre! The ogre hits you but does no damage.
You slash the ogre!
You kill the ogre!
You hit the ogre.
The ogre hits you with a +0 giant club!!
You die...

#########.##############.
.........................
###.###.#.#############..
#.......#.# ###########)#
#.#.##..#.###.........).#
..#.#.##..#.............#.#
.)..........O...........#.#
..O.#.###O##............#.#
. # #.@).<..........#.#
#####'###.......#.#
#.#####.###.#.# #..#
##.....#.# ##.# #......#.#
#.# #.####..^. #.# #. #.#.#
######.###.## #.#.#
..........#....#'#'#


You could see an ogre.

Vanquished Creatures
  Sigmund (D:3)
  2 ogres
  A centaur (D:5)
  A scorpion (D:6)
  A howler monkey (D:4)
  A hound (D:4)
  An orc priest (D:5)
  4 orc wizards
  A worker ant (D:4)
  2 worker ant zombies (D:5)
  A howler monkey skeleton (D:3)
  4 adders
  12 gnolls
  2 shadow imps
  An ooze (D:1)
  An adder skeleton (D:5)
  2 worms (D:5)
  4 dart slugs
  5 leopard geckos
  15 orcs
  3 giant cockroaches
  5 goblins
  8 hobgoblins
  15 jackals
  6 quokkas
  5 ball pythons
  9 bats
  8 frilled lizards
  8 kobolds
  A quokka skeleton (D:4)
  11 rats
141 creatures vanquished.

Vanquished Creatures (others)
  A plant (D:4)
1 creature vanquished.

Grand Total: 142 creatures vanquished

Notes
Turn   | Place    | Note
-------+----------+-------------------------------------------
     0 | D:1      | K1ngMX the Gargoyle Fighter began the quest for the Orb.
     0 | D:1      | Reached XP level 1. HP: 14/14 MP: 1/1
    27 | D:1      | Reached skill level 2 in Axes
    27 | D:1      | Reached XP level 2. HP: 19/19 MP: 2/2
   319 | D:1      | Reached XP level 3. HP: 20/24 MP: 3/3
   608 | D:1      | Reached skill level 3 in Axes
  1039 | D:2      | Reached XP level 4. HP: 29/29 MP: 4/4
  1290 | D:3      | Found a runed door.
  1310 | D:3      | Noticed Shaidar's ghost (amateur MiBe)
  1560 | D:3      | Reached XP level 5. HP: 34/34 MP: 5/5
  1711 | D:3      | Reached skill level 4 in Axes
  2009 | D:3      | Noticed Sigmund
  2042 | D:3      | Killed Sigmund
  2042 | D:3      | Reached skill level 5 in Fighting
  2042 | D:3      | Reached skill level 5 in Axes
  2042 | D:3      | Reached XP level 6. HP: 40/40 MP: 6/6
  2276 | D:4      | Reached XP level 7. HP: 44/44 MP: 7/7
  2940 | D:4      | Reached skill level 6 in Axes
  2999 | D:4      | Found a runed door.
  2999 | D:4      | Noticed guttsta's ghost (amateur HOFi)
  3026 | D:4      | Found Cixurghi's Gadget Shop.
  3553 | D:5      | Entered Level 5 of the Dungeon
  3742 | D:5      | Reached XP level 8. HP: 41/52 MP: 8/8
  3856 | D:6      | Found Moargh's Food Boutique.
  3916 | D:5      | Reached skill level 7 in Axes
  3976 | D:5      | Slain by an ogre

Vault maps used:
D:1:      minmay_arrival_three_doors, minmay_tromino_v4_b
D:2:      first_ration
D:3:      ebering_ghost_inner_flame, kennysheep_generic_room_15, uniq_sigmund
D:4:      hellmonk_ghost_happy_afterlife, serial_shops, shop,
          saegor_snake_ambush
D:5:      grunt_ministairs_11
D:6:      serial_shops, nicolae_shop_waterfront

Skill      XL: |  1  2  3  4  5  6  7  8 |
---------------+-------------------------+-----
Axes           | 2 3 5 6 7 |  7.1
Fighting       | 4 5 6 |  6.6
Armour         | |  3.2
Shields        | |  3.6

Action                   |  1- 3 |  4- 6 |  7- 9 || total
-------------------------+-------+-------+-------++-------
Melee: War axe           |   181 |   160 |   163 ||   504
       Unarmed           |       |     4 |       ||     4
  Use: Potion            |       |     1 |     2 ||     3
  Eat: Chunk             |     1 |     4 |     6 ||    11
Armor: Scale mail        |   107 |   110 |    79 ||   296
       Skin              |       |     1 |       ||     1
Dodge: Dodged            |    45 |    54 |    52 ||   151
Block: Shield            |    96 |    92 |    82 ||   270

Table legend:
 A = Non-vault XP
 B = Vault XP
 C = Vault XP percentage of total XP
 D = Non-vault monster count
 E = Vault monster count
 F = Vault count percentage of total count
                 A         B        C        D         E       F
            +---------+---------+-------+---------+---------+-------
      Total |    1234 |     253 |  17.0 |     133 |       8 |   5.7
            +---------+---------+-------+---------+---------+-------
        D:1 |      55 |       3 |   5.2 |      31 |       2 |   6.1
        D:2 |      43 |       0 |   0.0 |      17 |       0 |   0.0
        D:3 |     237 |     231 |  49.4 |      40 |       1 |   2.4
        D:4 |     388 |      19 |   4.7 |      21 |       5 |  19.2
        D:5 |     441 |       0 |   0.0 |      23 |       0 |   0.0
        D:6 |      70 |       0 |   0.0 |       1 |       0 |   0.0
            +---------+---------+-------+---------+---------+-------
